 Dungeon Crawl Stone Soup version 0.16.0-11-gd45b091 (webtiles) character file.

637 maniek23 the Covert (level 7, 0/49 HPs)
             Began as a Vampire Enchanter on Mar 17, 2015.
             Was an Initiate of Kikubaaqudgha.
             Succumbed to a gnoll shaman's poison
             ... on level 5 of the Dungeon.
             The game lasted 00:30:24 (5564 turns).

maniek23 the Covert (Vampire Enchanter)             Turns: 5564, Time: 00:30:24

Health: 0/49       AC:  0    Str:  3    XL:     7   Next: 25%
Magic:  11/13      EV: 23    Int: 17    God:    Kikubaaqudgha [......]
Gold:   206        SH:  0    Dex: 20    Spells: 4 memorised, 2 levels left

rFire  . . .     SeeInvis +     a - melded +1 dagger
rCold  . . .     Clarity  +     b - melded +1 robe
rNeg   + . .     SustAb   .     (shield currently unavailable)
rPois  .         Gourm    .     (helmet currently unavailable)
rElec  .         Spirit   .     (cloak currently unavailable)
rCorr  .         Warding  .     (gloves currently unavailable)
rMut   .         Stasis   .     (boots currently unavailable)
MR     .....                    o - amulet of clarity
Stlth  +++++.....               (ring currently unavailable)
                                (ring currently unavailable)

@: lethally poisoned (0 -> -7), bat-form, flying, very quick, not resistant to
hostile enchantments, quite stealthy
A: bottle blood, (fangs 0), see invisible, (unbreathing)
a: End Transformation, Renounce Religion


You were on level 5 of the Dungeon.
You worshipped Kikubaaqudgha.
Kikubaaqudgha was noncommittal.
You were not thirsty.
You were in vampire-bat-form.
You visited 1 branch of the dungeon, and saw 5 of its levels.

You collected 206 gold pieces.

Inventory:

Hand weapons
 a - a +1 dagger (melded)
 l - a cursed -1 dagger
 v - a +0 hunting sling
 x - a +1 flail of draining
 E - a +0 club
Missiles
 p - 9 sling bullets
 F - 3 silver sling bullets
 H - a throwing net (quivered)
Armour
 b - a +1 robe (melded)
 k - a +0 ring mail
 w - a +0 plate armour
 D - a +0 leather armour
Magical staves
 I - an uncursed staff of conjuration {unknown}
Jewellery
 o - an amulet of clarity (around neck)
Scrolls
 e - 3 scrolls of fear
 f - 2 scrolls of recharging
 g - 5 scrolls of remove curse
 h - 3 scrolls of identify
 n - a scroll of immolation
 q - a scroll of enchant armour {unknown}
 r - 2 scrolls of magic mapping
 t - 2 scrolls of enchant weapon
 u - a scroll of noise {unknown}
 y - a scroll of amnesia {unknown}
Potions
 d - 3 potions of blood
 i - 2 potions of heal wounds
 j - 2 potions of ambrosia
 m - a potion of brilliance
 s - a potion of resistance {unknown}
 z - a potion of lignification {unknown}
 A - a potion of cure mutation {unknown}
 B - a potion of magic {unknown}
 C - a potion of haste {unknown}
 G - a potion of restore abilities {unknown}
Books
 c - a book of Maledictions

   Spells                             Type                      Level
   a - Corona                         Hexes                        1
   b - Sure Blade                     Hexes/Charms                 2
   c - Ensorcelled Hibernation        Hexes/Ice                    2
   d - Confuse                        Hexes                        3
   e - Dazzling Spray                 Conjuration/Hexes            3
   f - Enslavement                    Hexes                        4


   Skills:
 + Level 1.7 Fighting
 + Level 1.8 Short Blades
 + Level 1.1 Maces & Flails
 + Level 1.3 Slings
 + Level 4.3 Dodging
 + Level 8.6 Stealth
 + Level 2.6 Spellcasting
 + Level 5.9 Hexes


You had 2 spell levels left.
You knew the following spells:

 Your Spells              Type           Power        Failure   Level  Hunger
a - Corona                Hex            ###....      6%          1    #......
b - Confuse               Hex            ###.....     17%         3    ###....
c - Dazzling Spray        Conj/Hex       ##......     36%         3    ###....
d - Sure Blade            Hex/Chrm       ##........   24%         2    ##.....


Dungeon Overview and Level Annotations

Branches:
Dungeon (5/15)
 Temple: D:4-7

Altars:
Cheibriados
Kikubaaqudgha
Nemelex Xobeh

Shops:
D:4 :

Annotations:
D:5 Menkaure


Innate Abilities, Weirdness & Mutations

You can bottle blood from corpses.
((You have razor-sharp teeth.))
You have supernaturally acute eyesight.
((You can survive without breathing.))


Message History

* * * LOW HITPOINT WARNING * * *
You feel sick.
* * * LOW HITPOINT WARNING * * *
You feel sick.
The gnoll shaman prays to its god.
The gnoll shaman is healed somewhat.
* * * LOW HITPOINT WARNING * * *
You feel sick.
* * * LOW HITPOINT WARNING * * *
You feel sick.
The gnoll seems less confused.
* * * LOW HITPOINT WARNING * * *
You feel sick.
* * * LOW HITPOINT WARNING * * *
You feel sick.
* * * LOW HITPOINT WARNING * * *
You feel sick.
There is an escape hatch in the floor here.
You die...
Kikubaaqudgha rasps: "You have failed me!
Welcome... oblivion!"

**,,,,,,*,,,,,...,,,,,* **,**
***,,,,,,,,,,,,..#***#.# *,*
,,,,,,,,,*,****#.# #.# *.#
,**,,,,,,*,* #.# #.# *.#
,**,,,,,,*,* ##.## #.# *.#
,**,******,####...####.# ##.##
,**,,,,,,,,............# #....
,*******,*,#.##...#*#..# #..#*
,**** *,#,#.#*#b####..######..#
<,,,*###.#.#(###>......†.g.g...#
***,*#.........<.......######.##
*,*#.#.....!....g##.#######g#
*,**,#####.###.........g....#
*,**,****#.# #...##.#########
*,,,,,,,,..# #...##.#
****,***#..#*#...##.# *,*
#...........#


You could see a gnoll.

Vanquished Creatures
  An ice beast (D:5)
  A phantom (D:4)
  An ogre (D:4)
  A scorpion (D:5)
  2 worker ants
  2 orc wizards (D:4)
  Jessica (D:2)
  5 adders
  A gnoll (D:5)
  5 worms
  7 giant geckos
  An ooze (D:4)
  20 orcs
  A bat skeleton (D:5)
  5 giant cockroaches
  A hobgoblin (D:2)
  5 quokkas
  2 ball pythons
  8 bats
  A giant gecko skeleton (D:4)
  2 giant newts (D:1)
  5 goblins
  4 jackals
  4 kobolds
  13 rats
  A toadstool (D:1)
100 creatures vanquished.

Vanquished Creatures (others)
  6 toadstools (D:1)
6 creatures vanquished.

Grand Total: 106 creatures vanquished

Notes
Turn   | Place    | Note
--------------------------------------------------------------
     0 | D:1      | maniek23, the Vampire Enchanter, began the quest for the Orb.
     0 | D:1      | Reached XP level 1. HP: 13/13 MP: 3/3
   343 | D:1      | Reached XP level 2. HP: 19/19 MP: 4/4
   610 | D:1      | Reached skill level 5 in Stealth
   854 | D:2      | Reached XP level 3. HP: 24/24 MP: 6/6
   860 | D:2      | Noticed Jessica
   863 | D:2      | Killed Jessica
   928 | D:2      | Reached skill level 5 in Hexes
   951 | D:2      | Reached skill level 6 in Stealth
  1251 | D:2      | Reached XP level 4. HP: 30/30 MP: 7/7
  1703 | D:3      | Learned a level 3 spell: Confuse
  1707 | D:3      | Learned a level 3 spell: Dazzling Spray
  2521 | D:4      | Noticed a phantom
  2891 | D:4      | Reached skill level 7 in Stealth
  2891 | D:4      | Reached XP level 5. HP: 36/36 MP: 5/9
  3347 | D:4      | Found Titrewaa's Book Emporium.
  3404 | D:4      | Noticed an ogre
  3413 | D:4      | Killed an ogre
  3413 | D:4      | Reached skill level 1 in Fighting
  3413 | D:4      | Reached XP level 6. HP: 30/43 MP: 11/11
  3502 | D:4      | Killed a phantom
  3658 | D:4      | Reached skill level 1 in Slings
  3989 | D:4      | Found a snail-covered altar of Cheibriados.
  4314 | D:5      | Entered Level 5 of the Dungeon
  4334 | D:5      | Noticed a phantom
  4366 | D:5      | Reached skill level 1 in Maces & Flails
  4366 | D:5      | Reached skill level 8 in Stealth
  4366 | D:5      | Reached XP level 7. HP: 37/48 MP: 12/12
  4691 | D:4      | Learned a level 2 spell: Sure Blade
  5152 | D:5      | Found an ancient bone altar of Kikubaaqudgha.
  5153 | D:5      | Found a sparkling altar of Nemelex Xobeh.
  5213 | D:5      | Became a worshipper of Kikubaaqudgha
  5256 | D:5      | Noticed Menkaure
  5558 | D:5      | HP: 2/49 [poisoned by a gnoll shaman]
  5564 | D:5      | Succumbed to a gnoll shaman's poison

Action                   |  1- 3 |  4- 6 |  7- 9 || total
-------------------------+-------+-------+-------++-------
Melee: Dagger            |    61 |   107 |    16 ||   184
       Flail             |       |    60 |    12 ||    72
 Fire: Hunting sling     |       |    22 |     2 ||    24
 Cast: Confuse           |       |     4 |     2 ||     6
       Sure Blade        |       |       |     1 ||     1
 Abil: Bat Form          |       |     2 |     2 ||     4
       End Transformatio |       |     2 |     1 ||     3
  Use: Scroll            |       |     2 |     7 ||     9
       Potion            |       |     2 |     3 ||     5
 Stab: Sleeping          |     7 |    17 |     3 ||    27
       Confused          |       |     1 |     1 ||     2
       Distracted        |       |     1 |       ||     1
  Eat: Corpse            |       |     7 |       ||     7
